 Dungeon Crawl Stone Soup version 0.31.0-11-ge490571c62 (webtiles) character file.

Game seed: 13865934502048998058

175 Esekla the Ducker (level 5, 0/26 HPs)
             Began as a Spriggan Warper on Feb 3, 2024.
             Was a Follower of Dithmenos.
             Killed by psychic fangs
             ... invoked by a brain worm
              (4 damage)
             ... in a sewer.
             The game lasted 00:20:32 (3427 turns).

Esekla the Ducker (Spriggan Warper)                 Turns: 3427, Time: 00:20:33

Health: 0/26       AC:  2    Str:  7    XL:     5   Next: 29%
Magic:  4/11       EV: 19    Int: 17    God:    Dithmenos [*.....]
Gold:   148        SH:  0    Dex: 14    Spells: 6/11 levels left

rFire   . . .        a - +0 dagger (venom)
rCold   . . .        (no shield)
rNeg    . . .        b - +0 robe
rPois   .            (helmet restricted)
rElec   .            (no cloak)
rCorr   .            (gloves unavailable)
SInv    +            (boots unavailable)
Will    .....        (no amulet)
Stlth   ++           (no ring)
HPRegen 0.24/turn    (no ring)
MPRegen 0.12/turn

%: no passive effects
@: wreathed by umbra, very quick
A: very small, no large weapons, unfitting armour, see invisible, speed 3
a: Renounce Religion


You were in a sewer.
You worshipped Dithmenos.
Dithmenos was aware of your devotion.
You visited 1 branch of the dungeon, and saw 4 of its levels.
You also visited: Sewer.

You collected 148 gold pieces.

Inventory:

Hand Weapons
 a - a +0 dagger of venom (weapon)
Armour
 b - a +0 robe (worn)
Magical Staves
 d - a staff of conjuration
Wands
 t - a wand of roots (10)
Scrolls
 c - 3 scrolls of blinking
 e - 2 scrolls of vulnerability {unknown}
 f - 2 scrolls of amnesia {unknown}
 g - 3 scrolls of fog {unknown}
 j - a scroll of silence {unknown}
 l - a scroll of enchant weapon {unknown}
 o - a scroll of enchant armour {unknown}
 r - a scroll of torment {unknown}
 s - a scroll of brand weapon {unknown}
 v - 4 scrolls of poison {unknown}
 w - a scroll of revelation {unknown}
Potions
 h - 3 potions of cancellation {unknown}
 i - 2 potions of lignification
 k - 4 potions of ambrosia
 m - 2 potions of heal wounds
 n - a potion of resistance {unknown}
 q - a potion of mutation {unknown}
 u - a potion of haste {unknown}


   Skills:
 + Level 1.6 Fighting
 + Level 2.5 Short Blades
 + Level 1.1 Throwing
 * Level 5.4 Dodging
 + Level 2.3 Stealth
 * Level 3.9 Spellcasting
 * Level 1.0 Necromancy
 + Level 5.0 Translocations


You had 6 spell levels left.
You knew the following spells:

 Your Spells              Type           Power      Damage    Failure   Level
b - Blink                 Tloc           40%        N/A       3%          2
w - Fugue of the Fallen   Necr           6%         N/A       30%         3

Your spell library contained the following spells:

 Spells                   Type           Power      Damage    Failure   Level
 Lesser Beckoning         Tloc           40%        N/A       3%          2
 Teleport Other           Tloc           20%        N/A       6%          3
 Sublimation of Blood     Necr           6%         N/A       16%         2
 Manifold Assault         Tloc           20%        N/A       21%         4
 Ensorcelled Hibernation  Hex/Ice        6%         N/A       24%         2
 Vhi's Electric Charge    Tloc/Air       24%        N/A       50%         4
 Anguish                  Hex/Necr       2%         N/A       77%         4
 Petrify                  Alch/Erth      3%         N/A       85%         4
 Irradiate                Conj/Alch      1%         3d12      99%         5


Dungeon Overview and Level Annotations

Branches:
Dungeon (4/15)              Sewer (1/1)
 Temple: D:4-7

Altars:
Dithmenos
Ru
Uskayaw
Zin

Annotations:
D:3 scorpion with Ru


Innate Abilities, Weirdness & Mutations

You are very small and have problems with some larger weapons.
You are too small for most types of armour.
You have supernaturally acute eyesight. (SInv)
You cover ground extremely quickly. (Speed+++)


Message History

Done waiting.
You enter the shallow water.
Moving in this stuff is going to be slow.
You enter the shallow water.
Moving in this stuff is going to be slow.
The brain worm misses you.
You hit the brain worm.
The brain worm is lightly wounded.
The brain worm closely misses you.
You hit the brain worm.
The brain worm is moderately wounded.
The brain worm's bulging head throbs.
Something gnaws on your mind!
You feel your power leaking away.
You hit the brain worm.
The brain worm is poisoned.
The brain worm is moderately wounded.
The brain worm's throbbing head pulsates.
Something gnaws on your mind!
You feel your power leaking away.
You barely miss the brain worm.
The brain worm is moderately wounded.
The brain worm misses you.
You hit the brain worm but do no damage.
The brain worm looks as sick as possible!
The brain worm is moderately wounded.
The brain worm splashes around in the water.
You barely miss the brain worm.
The brain worm is heavily wounded.
The brain worm's throbbing head pulsates.
Something gnaws on your mind!
You feel your power leaking away.
You enter the shallow water.
Moving in this stuff is going to be slow.
The brain worm's throbbing head pulsates.
Something gnaws on your mind!
* * * LOW HITPOINT WARNING * * *
You feel your power leaking away.
The brain worm's bulging head throbs.
Something gnaws on your mind!
You die...

#~# #~# #~# #~# #~# #~#
########################.######
≈≈≈≈#≈~..~~..~....~~~~.~~~~.~~~
≈≈≈≈#≈~...~~.~@~....w~~~~~~~~~~
############.##################
#.####.# ##.##.## ####.#.##
#...#~#.# ####÷#### ##..###~#
#.##..~#


You could see a brain worm (very poisoned).

Vanquished Creatures
  Jessica (D:2)
  An orc wizard (D:4)
  An adder (Sewer)
  3 river rats (Sewer)
  A dart slug (D:2)
  3 ribbon worms
  5 orcs
  11 ball pythons
  2 bats (D:1)
  9 endoplasms
  A giant cockroach (D:2)
  3 hobgoblins
  4 jackals
  9 kobolds
  4 quokkas
  7 frilled lizards
  3 goblins
  7 rats
75 creatures vanquished.

Notes
Turn   | Place    | Note
-------+----------+-------------------------------------------
     0 | D:1      | Esekla the Spriggan Warper began the quest for the Orb.
     0 | D:1      | Reached XP level 1. HP: 10/10 MP: 5/5
   336 | D:1      | Reached skill level 1 in Stealth
   336 | D:1      | Reached XP level 2. HP: 14/14 MP: 6/6
   339 | D:1      | Learned a level 2 spell: Blink
   654 | D:1      | Reached skill level 5 in Translocations
   788 | D:1      | Reached XP level 3. HP: 16/18 MP: 8/8
   934 | D:2      | Noticed Jessica
  1054 | D:2      | Found a hide-covered altar of Uskayaw.
  1341 | D:2      | Learned a level 3 spell: Fugue of the Fallen
  1766 | D:3      | Found a sacrificial altar of Ru.
  1822 | D:3      | Noticed a scorpion
  2137 | D:3      | Found a glowing silver altar of Zin.
  2332 | D:3      | Found a faded altar of an unknown god.
  2340 | D:3      | Prayed at the altar of an unknown god.
  2340 | D:3      | Became a worshipper of Dithmenos the Shadowed
  2340 | D:3      | Reached * piety under Dithmenos
  2352 | D:3      | Reached XP level 4. HP: 21/21 MP: 9/9
  2822 | D:2      | Killed Jessica
  2823 | D:2      | Reached skill level 5 in Dodging
  2952 | D:4      | Found a glowing drain.
  3093 | Sewer    | Entered a sewer
  3101 | Sewer    | Reached XP level 5. HP: 20/26 MP: 11/11
  3275 | Sewer    | Reached skill level 1 in Necromancy
  3427 | Sewer    | Killed from afar by a brain worm

Illustrated notes

Levels and vault maps discovered:
D:1:      dpeg_arrival_another_circle, layout_loops_ring
D:2:      layout_loops_cross, basic_altar, serial_bayou_pond_c, uniq_jessica
D:3:      layout_loops_ring, mainiacjoe_overflow_surrounded_room, zin_statuary,
          ebering_ecumenical_altar_abandoned, grunt_ministairs_3,
          serial_bayou_pond_a, serial_bayou_pond_b, nicolae_figureground_pulse
D:4:      layout_basic, cheibrodos_sewer_entry_bend, gammafunk_ghost_necromancy,
          grunt_decor_mini_mirrors, amcnicky_mini_pool_small
Sewer:    sewer_co_cracked_pipes

Skill      XL: |  1  2  3  4  5 |
---------------+----------------+-----
Stealth        | 1 2 |  2.3
Translocations | 5 |  5.0
Dodging        | 4 5 |  5.4
Spellcasting   | 3 |  3.9
Necromancy     | 1 |  1.0
Fighting       | |  1.6
Short Blades   | |  2.5
Throwing       | |  1.1

Action                     |  1- 3 |  4- 6 || total
---------------------------+-------+-------++-------
  Melee: Short sword       |    52 |       ||    52
         Dagger            |   194 |    75 ||   269
         Punch             |     1 |     1 ||     2
   Cast: Blink             |     2 |     1 ||     3
  Evoke: Wand              |     1 |       ||     1
    Use: Scroll            |       |     4 ||     4
   Stab: Sleeping          |    10 |       ||    10
         Distracted        |       |     1 ||     1
 Armour: Robe              |    57 |    10 ||    67
  Dodge: Dodged            |   174 |    59 ||   233
